 Dungeon Crawl Stone Soup version 0.26-a0-642-g67e99244d3 (webtiles) character file.

Game seed: 11708985982987393060

37 PentaManta the Cudgeler (level 3, 0/29 HPs)
             Began as a Formicid Abyssal Knight on Sept 21, 2020.
             Was a Follower of Lugonu.
             Slain by a gnoll
             ... wielding a +0 halberd
              (15 damage)
             ... on level 1 of the Dungeon.
             The game lasted 00:03:11 (2165 turns).

PentaManta the Cudgeler (Formicid Abyssal Knight)   Turns: 2165, Time: 00:03:12

Health: 0/29       AC:  3    Str: 17    XL:     3   Next: 62%
Magic:  4/4        EV: 11    Int: 11    God:    Lugonu [*.....]
Gold:   52         SH:  0    Dex: 10    Spells: 2/2 levels left

rFire    . . .     SeeInvis +   i - +0 whip
rCold    . . .     Faith    .   (no shield)
rNeg     . . .     Spirit   .   b - +0 leather armour
rPois    .         Reflect  .   (helmet unavailable)
rElec    .         Harm     .   (no cloak)
rCorr    .         Rampage  .   (no gloves)
MR       .....                  (no boots)
Stlth    +.........             (no amulet)
HPRegen  0.09/turn              (no ring)
MPRegen  0.09/turn              (no ring)

@: no status effects
A: permanent stasis, dig shafts and tunnels, four strong arms, antennae 3
a: Dig, Shaft Self, Depart the Abyss, Renounce Religion


You were on level 1 of the Dungeon.
You worshipped Lugonu.
Lugonu was aware of your devotion.
You visited 1 branch of the dungeon, and saw 3 of its levels.
You visited the Abyss 1 time.

You collected 52 gold pieces.

Inventory:

Hand Weapons
 a - a +1 mace
 i - a +0 whip (weapon)
Armour
 b - a +0 leather armour (worn)
 f - a +0 chain mail
Scrolls
 c - 3 scrolls of remove curse {unknown}
Potions
 d - a potion of heal wounds {unknown}
 e - 2 potions of lignification {unknown}
 g - a potion of curing {unknown}
 h - 3 potions of magic {unknown}
 j - 2 potions of brilliance {unknown}


   Skills:
 + Level 3.3 Fighting
 + Level 3.6 Maces & Flails
 + Level 2.2 Armour
 + Level 1.0 Dodging
 - Level 2.1 Invocations


You had 2 spell levels left.
You didn't know any spells.
Your spell library was empty.

Dungeon Overview and Level Annotations

Branches:
Dungeon (3/15)

Altars:


Innate Abilities, Weirdness & Mutations

You cannot be hasted, slowed, berserked, paralysed or teleported.
You can dig through walls and to a lower floor.
Your four strong arms can wield two-handed weapons with a shield.
You have a pair of large antennae on your head. (SInv)


Message History

The gnoll hits you from afar with a +3 halberd.
There is a stone staircase leading up here.
The gnoll closely misses you.
There is a stone staircase leading up here.
The gnoll closely misses you.
You climb upwards.
There is a stone staircase leading down here.
You hit the gnoll.
The gnoll is lightly wounded.
The gnoll hits you with a +0 halberd!
You hit the gnoll but do no damage.
The gnoll is lightly wounded.
You hit the gnoll but do no damage.
The gnoll is lightly wounded.
The gnoll misses you.
You completely miss the gnoll.
The gnoll is lightly wounded.
The gnoll hits you with a +0 halberd!
Ouch! That really hurt!
You die...

######### #...>...#
#.......# #.......#
#.......#
#.......#########
#########...............#
................@.......#
#########.......g.......#
#########...............#
............(...........#
#########...............#
#########.#..###.########
.......##.##.###.#
######.##.##..##.#
#######
...(.#.##.###.##.######
#......


You could see a gnoll.

Vanquished Creatures
  A worm (D:2)
  A dart slug (D:3)
  2 orcs
  3 bats (D:1)
  2 giant cockroaches (D:2)
  3 goblins (D:1)
  6 hobgoblins
  5 frilled lizards
  2 kobolds (D:1)
  7 rats
32 creatures vanquished.

Notes
Turn   | Place    | Note
-------+----------+-------------------------------------------
     0 | Abyss:1  | PentaManta the Formicid Abyssal Knight began the quest for
                  | the Orb.
     0 | Abyss:1  | Reached XP level 1. HP: 18/18 MP: 2/2
    77 | Abyss:1  | Noticed a sixfirhy
    78 | D:1      | Escaped the Abyss
   286 | D:1      | Reached XP level 2. HP: 20/24 MP: 3/3
   287 | D:1      | Reached * piety under Lugonu
  1026 | D:1      | Reached XP level 3. HP: 29/29 MP: 4/4
  2069 | D:2      | Reached skill level 1 in Dodging
  2165 | D:1      | Slain by a gnoll

Illustrated notes

Levels and vault maps discovered:
D:1:      lemuel_arrival_room, layout_basic, minmay_statues_item
D:2:      cheibrodos_greedy_goblins, layout_loops_corners, minmay_quadrilaterals
D:3:      layout_loops_ring, st_stairs_10

Skill      XL: |  1  2  3 |
---------------+----------+-----
Maces & Flails | 3 |  3.6
Dodging        | 1 |  1.0
Fighting       | |  3.3
Armour         | |  2.2
Invocations    | |  2.1

Action                   || total
-------------------------++-------
Melee: Mace              ||    32
       Dagger            ||    49
       Whip              ||    44
Invok: Depart the Abyss  ||     1
 Abil: Dig               ||     1
  Use: Scroll            ||     1
Armor: Leather armour    ||    27
Dodge: Dodged            ||    66

Table legend: (Time is in decaauts)
 A = Elapsed time spent in this place.
 B = Non-inter-level travel time spent in this place.
 C = Inter-level travel time spent in this place.
 D = Time resting spent in this place.
 E = Time spent auto-exploring this place.
 F = Levels seen in this place.
 G = Mean time per level.
                   A        B        C        D        E       F      G
               +--------+--------+--------+--------+--------+-----+--------+
         Total |   2169 |   2059 |    110 |    602 |   1098 |   4 |  542.2 |
       Dungeon |   2091 |   1981 |    110 |    602 |   1032 |   3 |  697.0 |
         Abyss |     78 |     78 |      0 |      0 |     66 |   1 |   78.0 |
               +--------+--------+--------+--------+--------+-----+--------+

Top non-repeatable levels by time:
     D:1: 1092 daAuts
     D:2: 630 daAuts
     D:3: 368 daAuts
 Abyss:1: 78 daAuts
